 Dungeon Crawl Stone Soup version 0.30-b1-5-g8e6c1be481 (webtiles) character file.

Game seed: 18245998303924812942

123 wingedge the Cutter (level 4, -1/36 HPs)
             Began as a Demigod Wanderer on May 3, 2023.
             Succumbed to a gnoll's poison
             ... on level 2 of the Dungeon.
             The game lasted 00:13:17 (1682 turns).

wingedge the Cutter (Demigod Wanderer)              Turns: 1682, Time: 00:13:18

Health: -1/36      AC:  3    Str: 14    XL:     4   Next: 52%
Magic:  4/7        EV: 10    Int: 15    God:
Gold:   54         SH:  3    Dex: 15    Spells: 3/4 levels left

rFire   . . .        b - +0 sling (elec)
rCold   . . .        g - +0 buckler
rNeg    . . .        e - +0 leather armour
rPois   .            (no helmet)
rElec   .            (no cloak)
rCorr   .            (no gloves)
SInv    .            (no boots)
Will    .....        (no amulet)
Stlth   +            (no ring)
HPRegen 0.26/turn    (no ring)
MPRegen 0.10/turn

%: no passive effects
@: brilliant, lethally poisoned (-1 -> -28)
A: high MP 1, forlorn, divine attributes
a: no special abilities


You were on level 2 of the Dungeon.
You visited 1 branch of the dungeon, and saw 2 of its levels.

You collected 54 gold pieces.

Inventory:

Hand Weapons
 a - a +0 rapier
 b - a +0 sling of electrocution (weapon)
 s - a +0 spear
 w - a +0 sling
Missiles
 k - 4 atropa-tipped darts
Armour
 e - a +0 leather armour (worn)
 g - a +0 buckler (worn)
Scrolls
 f - 2 scrolls of teleportation {unknown}
 i - a scroll of noise {unknown}
 j - a scroll of magic mapping {unknown}
 n - a scroll of poison {unknown}
 p - a scroll of fog {unknown}
 t - a scroll of identify {unknown}
 u - a scroll of vulnerability {unknown}
Potions
 d - a potion of berserk rage
 h - 2 potions of lignification
 l - a potion of brilliance
 m - a potion of heal wounds {unknown}
 o - a potion of invisibility {unknown}
 q - a potion of magic {unknown}
 r - a potion of ambrosia {unknown}
 v - a potion of might {unknown}
Miscellaneous
 c - a piece from Xom's chessboard (15/15)


   Skills:
 - Level 2.1 Fighting
 - Level 3.0 Short Blades
 + Level 0.3 Ranged Weapons
 - Level 1.0 Armour
 - Level 1.7 Unarmed Combat
 + Level 0.8 Spellcasting
 - Level 3.0 Ice Magic
 - Level 2.6 Evocations


You had 3 spell levels left.
You knew the following spells:

 Your Spells              Type           Power      Damage    Failure   Level
a - Freeze                Ice            56%        1d7       13%         1

Your spell library contained the following spells:

 Spells                   Type           Power      Damage    Failure   Level
 Frozen Ramparts          Ice            28%        1d5       36%         3
 Hailstorm                Conj/Ice       7%         3d4       56%         3


Dungeon Overview and Level Annotations

Branches:
Dungeon (2/15)

Shops:
D:1 ?


Innate Abilities, Weirdness & Mutations

You have an increased reservoir of magic. (+10% MP)
You shall have no god before yourself.
Your divine heritage dramatically boosts your attributes as you level up.


Message History

Fire: b) +0 sling (elec)
Press: ? - help, Q - select action, (/) - cycle Shift-Dir - straight line, f/p - gnoll
Aim: a gnoll, wielding a +2 spear of venom (moderately wounded, 60% to hit)
You shoot a sling bullet.
The sling bullet hits the gnoll but does no damage.
The gnoll is moderately wounded.
The gnoll hits you with a +2 spear of venom.
You are poisoned.
Casting: Freeze (safe; 13% risk of failure)
Confirm with . or Enter, or press ? or * to list all spells.
Aiming: Freeze (safe; 13% risk of failure)
Press: ? - help, Shift-Dir - straight line, f/p - gnoll
Aim: a gnoll, wielding a +2 spear of venom (moderately wounded)
You freeze the gnoll.
The gnoll is severely wounded.
You feel very sick.
The gnoll hits you with a +2 spear of venom.
You are lethally poisoned!
Casting: Freeze (safe; 13% risk of failure)
Confirm with . or Enter, or press ? or * to list all spells.
Aiming: Freeze (safe; 13% risk of failure)
Press: ? - help, Shift-Dir - straight line, f/p - gnoll
Aim: a gnoll, wielding a +2 spear of venom (severely wounded)
You freeze the gnoll.
The gnoll is almost dead.
You feel very sick.
The gnoll hits you with a +2 spear of venom.
You are more poisoned.
Casting: Freeze (safe; 13% risk of failure)
Confirm with . or Enter, or press ? or * to list all spells.
Aiming: Freeze (safe; 13% risk of failure)
Press: ? - help, Shift-Dir - straight line, f/p - gnoll
Aim: a gnoll, wielding a +2 spear of venom (almost dead)
You freeze the gnoll.
You kill the gnoll!
* * * LOW HITPOINT WARNING * * *
You feel extremely sick.
It was a potion of brilliance.
You feel clever all of a sudden.
You die...

....?.... .. ....... # ...g..# #
....g.# .......## #...##.... #...
##. #....### ####... #..)@####
########## .....#.#### #.##....#
#...##.... ######....# #.#####.##
#...##.... # #....# #..####..#
#...#....< ## #....#
#...###.###.........
.#####....######...........##....
...................#.###...##....
.#####..##########.....#....#.###
..# #..## #####>...#......#


There were no monsters in sight!

Vanquished Creatures
  A hound (D:2)
  2 gnolls
  4 adders (D:2)
  2 worms (D:2)
  A dart slug (D:2)
  A ball python (D:1)
  3 bats
  3 endoplasms
  A goblin (D:1)
  2 hobgoblins (D:1)
  3 jackals
  2 quokkas (D:1)
  A frilled lizard (D:1)
  6 rats
32 creatures vanquished.

Notes
Turn   | Place    | Note
-------+----------+-------------------------------------------
     0 | D:1      | wingedge the Demigod Wanderer began the quest for the Orb.
     0 | D:1      | wingedge set off with the following items: a +0 rapier, a
                  | potion of lignification, a piece from Xom's chessboard
                  | (15/15), a potion of berserk rage, a +0 leather armour.
     0 | D:1      | Reached XP level 1. HP: 16/16 MP: 3/3
    77 | D:1      | Found Seidi's Magic Scroll Boutique.
   383 | D:1      | Reached XP level 2. HP: 9/23 MP: 4/4
   836 | D:2      | HP: 1/24 [hound (5)]
   839 | D:2      | Reached XP level 3. HP: 4/29 MP: 5/5
   961 | D:2      | Learned a level 1 spell: Freeze
  1381 | D:2      | Reached XP level 4. HP: 33/36 MP: 6/6
  1682 | D:2      | Succumbed to a gnoll's poison

Illustrated notes

Levels and vault maps discovered:
D:1:      eino_arrival_tree_alley, layout_basic, serial_shops, shop
D:2:      layout_rooms, nicolae_elevator_lobby_asterisk

Skill      XL: |  1  2  3  4 |
---------------+-------------+-----
Short Blades   | 3 |  3.0
Fighting       | 2 |  2.1
Ice Magic      | 2 3 |  3.0
Ranged Weapons | |  0.3
Armour         | |  1.0
Unarmed Combat | |  1.7
Spellcasting   | |  0.8
Evocations     | |  2.6

Action                     |  1- 3 |  4- 6 || total
---------------------------+-------+-------++-------
  Melee: Rapier            |    69 |     1 ||    70
   Fire: Sling             |    57 |    16 ||    73
  Throw: Dart              |     5 |       ||     5
   Cast: Freeze            |    14 |     9 ||    23
    Use: Potion            |     2 |     1 ||     3
 Armour: Leather armour    |    20 |     1 ||    21
         Skin              |     4 |       ||     4
  Dodge: Dodged            |    36 |     4 ||    40
  Block: Buckler           |    17 |       ||    17
